 Dungeon Crawl Stone Soup version 0.22-a0-240-g539252a (webtiles) character file.

148 wolfsongas the Charmwright (level 5, -1/43 HPs)
             Began as a Gnoll Skald on Feb 22, 2018.
             Slain by a white imp (3 damage)
             ... summoned by Natasha
             ... on level 2 of the Dungeon.
             The game lasted 00:03:18 (1535 turns).

wolfsongas the Charmwright (Gnoll Skald)            Turns: 1535, Time: 00:03:19

Health: -1/43      AC: 11    Str: 14    XL:     5   Next: 30%
Magic:  12/12      EV: 11    Int: 15    God:
Gold:   138        SH:  0    Dex: 15    Spells: 13/14 levels left

rFire    + + +     SeeInvis .   a - +1 mace
rCold    x . .     Gourm    +   (no shield)
rNeg     . . .     Faith    .   k - +1 fire dragon scales
rPois    .         Spirit   .   (no helmet)
rElec    .         Reflect  .   (no cloak)
rCorr    .         Harm     .   (no gloves)
MR       .....                  h - +0 pair of boots
Stlth    ..........             j - amulet of the gourmand
HPRegen  0.14/turn              e - ring of protection from fire
MPRegen  0.13/turn              (no ring)

@: no status effects
A: distributed training, fangs 1, strong nose
a: no special abilities


You were on level 2 of the Dungeon.
You were completely stuffed.

You visited 1 branch of the dungeon, and saw 2 of its levels.

You collected 138 gold pieces.

Inventory:

Hand Weapons
 a - a +1 mace (weapon)
Armour
 h - a +0 pair of boots (worn)
 k - +1 fire dragon scales (worn)
Jewellery
 e - a ring of protection from fire (left hand)
 j - an amulet of the gourmand (around neck)
Scrolls
 b - 3 scrolls of remove curse
 l - a scroll of enchant weapon
 m - a scroll of teleportation
Potions
 f - a potion of cancellation {unknown}
 g - a potion of mutation {unknown}
 i - 2 potions of curing {unknown}
 o - a potion of flight {unknown}
 p - a potion of heal wounds {unknown}
Comestibles
 c - 4 rations
 d - 2 chunks of flesh


   Skills:
 + Level 4.7 Fighting
 + Level 1.4 Short Blades
 + Level 1.4 Long Blades
 + Level 1.4 Axes
 + Level 4.7 Maces & Flails
 + Level 1.4 Polearms
 + Level 1.4 Staves
 + Level 1.4 Slings
 + Level 1.4 Bows
 + Level 1.4 Crossbows
 + Level 1.4 Throwing
 + Level 2.9 Armour
 + Level 4.7 Dodging
 + Level 1.4 Stealth
 + Level 1.4 Shields
 + Level 1.4 Unarmed Combat
 + Level 5.1 Spellcasting
 + Level 1.1 Conjurations
 + Level 1.1 Hexes
 + Level 5.5 Charms
 + Level 1.1 Summonings
 + Level 1.1 Necromancy
 + Level 1.1 Translocations
 + Level 1.1 Transmutations
 + Level 1.1 Fire Magic
 + Level 1.1 Ice Magic
 + Level 1.1 Air Magic
 + Level 1.1 Earth Magic
 + Level 1.1 Poison Magic
 + Level 1.5 Invocations
 + Level 1.4 Evocations


You had 13 spell levels left.
You knew the following spells:

 Your Spells              Type           Power        Failure   Level  Hunger
a - Infusion              Chrm           ###.         9%          1    None


Dungeon Overview and Level Annotations

Branches:
Dungeon (2/15)

Altars:
Cheibriados
Fedhas
Wu Jian
Zin
The Shining One

Annotations:
D:2 Natasha


Innate Abilities, Weirdness & Mutations

Your experience applies equally to all skills.
You have very sharp teeth.
Your uncanny sense of smell can sniff out nearby items.


Message History

Natasha stares at you and mumbles some strange words.
You resist with some effort. The white imp gestures at you.
The puff of frost hits you!
You feel a terrible chill!
You sock Natasha!
Natasha is heavily wounded.
Natasha barely misses you.
The white imp hits you but does no damage.
You hit Natasha.
Natasha is severely wounded.
Natasha claws you. The white imp gestures at you. The puff of frost hits you!
You feel a terrible chill!
* * * LOW HITPOINT WARNING * * *
You closely miss Natasha.
Natasha is severely wounded.
Natasha claws you but does no damage. The white imp hits you.
* * * LOW HITPOINT WARNING * * *
The white imp freezes you.
You feel a terrible chill!
You die...

###.##.#............#** ##....#
###.........)..#.#....# #..###
....#.....)).#.......## ##..#
.####...............## #...## .#
#...............##### #.#..#
#####.........##........###.##.#
#.<...>............##......##.##
#..........###h............##.#.
*#.##..........5@...##......##..#
...#...[......##....##......###.#
..,#......(...##....##......# #.#
.,*#..........##....##......# #.#
,,*#..........##?...##......# #.#
,,*#..........############### #..
,,*#..........# ###
***#..........# # #..........# #


You could see Natasha and a white imp.

Vanquished Creatures
  Natasha (twice) (D:2)
  An orc wizard (D:2)
  3 adders (D:2)
  2 oozes
  A worm (D:2)
  A dart slug (D:2)
  2 leopard geckos (D:2)
  2 orcs (D:2)
  A ball python (D:1)
  2 goblins (D:2)
  3 hobgoblins (D:1)
  2 quokkas (D:2)
  6 bats (D:1)
  9 kobolds
  5 rats
42 creatures vanquished.

Vanquished Creatures (others)
  An orc wizard (D:2)
1 creature vanquished.

Grand Total: 43 creatures vanquished

Notes
Turn   | Place    | Note
-------+----------+-------------------------------------------
     0 | D:1      | wolfsongas the Gnoll Skald began the quest for the Orb.
     0 | D:1      | Reached XP level 1. HP: 20/20 MP: 6/6
   202 | D:1      | Reached XP level 2. HP: 26/26 MP: 7/7
   842 | D:2      | Reached XP level 3. HP: 30/31 MP: 9/9
   848 | D:2      | Reached skill level 5 in Spellcasting
   872 | D:2      | Reached skill level 1 in Invocations
   947 | D:2      | Reached skill level 1 in Short Blades
   947 | D:2      | Reached skill level 1 in Long Blades
   947 | D:2      | Reached skill level 1 in Axes
   947 | D:2      | Reached skill level 1 in Polearms
   947 | D:2      | Reached skill level 1 in Staves
   947 | D:2      | Reached skill level 1 in Slings
   947 | D:2      | Reached skill level 1 in Bows
   947 | D:2      | Reached skill level 1 in Crossbows
   947 | D:2      | Reached skill level 1 in Throwing
   947 | D:2      | Reached skill level 1 in Stealth
   947 | D:2      | Reached skill level 1 in Shields
   947 | D:2      | Reached skill level 1 in Unarmed Combat
   947 | D:2      | Reached skill level 1 in Evocations
   960 | D:2      | Reached XP level 4. HP: 38/38 MP: 11/11
  1147 | D:2      | Reached skill level 1 in Conjurations
  1147 | D:2      | Reached skill level 1 in Hexes
  1147 | D:2      | Reached skill level 1 in Summonings
  1147 | D:2      | Reached skill level 1 in Necromancy
  1147 | D:2      | Reached skill level 1 in Translocations
  1147 | D:2      | Reached skill level 1 in Transmutations
  1147 | D:2      | Reached skill level 1 in Fire Magic
  1147 | D:2      | Reached skill level 1 in Ice Magic
  1147 | D:2      | Reached skill level 1 in Air Magic
  1147 | D:2      | Reached skill level 1 in Earth Magic
  1147 | D:2      | Reached skill level 1 in Poison Magic
  1150 | D:2      | Found a glowing silver altar of Zin.
  1247 | D:2      | Noticed Natasha
  1260 | D:2      | Killed Natasha
  1260 | D:2      | Reached XP level 5. HP: 29/43 MP: 12/12
  1408 | D:2      | Found a glowing golden altar of the Shining One.
  1409 | D:2      | Found an ornate altar of the Wu Jian Council.
  1411 | D:2      | Found a snail-covered altar of Cheibriados.
  1413 | D:2      | Found a blossoming altar of Fedhas.
  1453 | D:2      | Noticed Natasha
  1461 | D:2      | Killed Natasha
  1524 | D:2      | Noticed Natasha
  1534 | D:2      | HP: 2/43 [white imp/puff of frost[Natasha] (15)]
  1535 | D:2      | Slain by a white imp

Vault maps used:
D:1:      lightli_iron_boxes, minmay_misc_feat_x, minmay_misc_feat_encased
D:2:      zin_statuary, minitemple, minmay_tromino_i2, uniq_natasha

Skill      XL: |  1  2  3  4 |
---------------+-------------+-----
Spellcasting   | 5 |  5.1
Invocations    | 1 |  1.5
Short Blades   | 1 |  1.4
Long Blades    | 1 |  1.4
Axes           | 1 |  1.4
Polearms       | 1 |  1.4
Staves         | 1 |  1.4
Slings         | 1 |  1.4
Bows           | 1 |  1.4
Crossbows      | 1 |  1.4
Throwing       | 1 |  1.4
Stealth        | 1 |  1.4
Shields        | 1 |  1.4
Unarmed Combat | 1 |  1.4
Evocations     | 1 |  1.4
Conjurations   | 1 |  1.1
Hexes          | 1 |  1.1
Summonings     | 1 |  1.1
Necromancy     | 1 |  1.1
Translocations | 1 |  1.1
Transmutations | 1 |  1.1
Fire Magic     | 1 |  1.1
Ice Magic      | 1 |  1.1
Air Magic      | 1 |  1.1
Earth Magic    | 1 |  1.1
Poison Magic   | 1 |  1.1
Fighting       | |  4.7
Maces & Flails | |  4.7
Armour         | |  2.9
Dodging        | |  4.7
Charms         | |  5.5

Action                   |  1- 3 |  4- 6 || total
-------------------------+-------+-------++-------
Melee: Mace              |   108 |    58 ||   166
       Bite              |    10 |     8 ||    18
  Use: Scroll            |     6 |     1 ||     7
       Potion            |     2 |       ||     2
 Stab: Invisible         |     2 |       ||     2
  Eat: Chunk             |     3 |     9 ||    12
Armor: Leather armour    |     6 |       ||     6
       Fire dragon scale |    42 |    35 ||    77
       Ring mail         |     6 |       ||     6
Dodge: Dodged            |   104 |    33 ||   137

Table legend:
 A = Spawn XP
 B = Non-spawn XP
 C = Spawn XP percentage of total XP
 D = Spawn monster count
 E = Non-spawn monster count
 F = Spawn count percentage of total count
 G = Total turns spent on level
                    A         B        C        D         E        F      G
               +---------+---------+-------+---------+---------+-------+---------
         Total |       0 |     212 |   0.0 |       0 |      43 |   0.0 |  1535
               +---------+---------+-------+---------+---------+-------+---------
           D:1 |       0 |      32 |   0.0 |       0 |      19 |   0.0 |   837
           D:2 |       0 |     180 |   0.0 |       0 |      24 |   0.0 |   698
               +---------+---------+-------+---------+---------+-------+---------
